 Dungeon Crawl Stone Soup version 0.28.0-53-g5a82cb258f (webtiles) character file.

Game seed: 13410846500838814995

3663 DemonSlayer the Thaumaturge (level 9, -6/100 HPs)
             Began as a Demonspawn Fire Elementalist on July 30, 2022.
             Was a Believer of Cheibriados.
             Mangled by a boulder beetle (16 damage)
             ... on level 7 of the Dungeon.
             The game lasted 00:19:32 (8522 turns).

DemonSlayer the Thaumaturge (DsFE)                  Turns: 8522, Time: 00:19:33

Health: -6/100     AC: 28    Str: 15    XL:     9   Next: 89%
Magic:  16/21      EV:  2    Int: 25    God:    Cheibriados [**....]
Gold:   337        SH:  0    Dex: 24    Spells: 12/25 levels left

rFire   + . .      SeeInvis .   r - +0 short sword (vamp)
rCold   + . .      Faith    .   (no shield)
rNeg    . . .      Spirit   .   (armour currently unavailable)
rPois   +          Reflect  .   (helmet currently unavailable)
rElec   +          Harm     .   (cloak currently unavailable)
rCorr   +          Rampage  .   (gloves currently unavailable)
Will    .....      Clarity  +   (boots currently unavailable)
Stlth   +++....... NoTele   +   b - amulet of regeneration
HPRegen 1.06/turn               x - +6 ring of dexterity
MPRegen 0.17/turn               v - +4 ring of protection

@: mighty, agile, tree-form, resistant, very slow
A: stationary, stasis, torment immunity, boosted hp, (horns 2), demonic guardian
1, powered by pain 1, (sanguine armour 2), clarity, robust 1, evolution 1
a: Renounce Religion, Bend Time


You were on level 7 of the Dungeon.
You worshipped Cheibriados.
Cheibriados was pleased with you.
You were a tree.
You visited 2 branches of the dungeon, and saw 8 of its levels.

You collected 337 gold pieces.

Inventory:

Hand Weapons
 d - a +3 great sword
 r - a +0 vampiric short sword (weapon)
 s - a +5 long sword
Missiles
 y - a throwing net
Armour
 a - a +0 robe of willpower
 f - +0 steam dragon scales
 i - a +0 leather armour of cold resistance
 p - the +0 leather armour of Bagu (melded) {Dex+3 Stlth+}
   (You found it on level 2 of the Dungeon)

   Dex:       It affects your dexterity (+3).
   Stlth:     It makes you more stealthy.
 u - a +0 pair of gloves (melded)
Jewellery
 b - an amulet of regeneration (around neck)
 k - a ring of positive energy
 v - a +4 ring of protection (right branch)
 x - a +6 ring of dexterity (left branch)
Wands
 e - a wand of charming (11)
 l - a wand of digging (4)
 w - a wand of polymorph (11)
 E - a wand of mindburst (11)
Scrolls
 c - a scroll of magic mapping
Potions
 g - 2 potions of mutation
 m - 3 potions of brilliance
 n - a potion of attraction
 A - 2 potions of flight


   Skills:
 + Level 1.9 Fighting
 + Level 2.7 Short Blades
 + Level 0.3 Throwing
 + Level 2.6 Armour
 + Level 3.4 Dodging
 + Level 3.6 Stealth
 + Level 8.7 Spellcasting
 + Level 2.2 Conjurations
 + Level 7.8 Fire Magic
 + Level 0.4 Evocations


You had 12 spell levels left.
You knew the following spells:

 Your Spells              Type           Power      Damage    Failure   Level
a - Foxfire               Conj/Fire      100%       2x1d9     1%          1
b - Scorch                Fire           100%       2d10      1%          2
c - Conjure Flame         Conj/Fire      36%        6-21      2%          3
d - Flame Wave            Conj/Fire      36%        2d9       7%          4
e - Portal Projectile     Hex/Tloc       20%        N/A       17%         3

Your spell library contained the following spells:

 Spells                   Type           Power      Damage    Failure   Level
 Inner Flame              Hex/Fire       30%        N/A       3%          3
 Blade Hands              Tmut           5%         N/A       83%         5
 Excruciating Wounds      Necr           5%         N/A       83%         5


Dungeon Overview and Level Annotations

Branches:
Dungeon (7/15)             Temple (1/1) D:4

Altars:
Ashenzari
Cheibriados
Dithmenos
Fedhas
Hepliaklqana
Okawaru
Qazlal
Ru
Trog
Wu Jian
Zin

Shops:
D:1 [   D:7 *


Innate Abilities, Weirdness & Mutations

You are a tree.
Your roots penetrate the ground, keeping you stationary.
You cannot be teleported.
You are immune to unholy pain and torment.
Your maximum health is greatly increased.
Your equipment is partially melded.
((You have a pair of horns on your head.))
A weak demonic guardian rushes to your aid.
You sometimes gain a little power by taking damage.
((When seriously injured, your blood forms thick armour. (AC +0)))
You possess an exceptional clarity of mind.
You are robust. (+10% HP)
You have hidden genetic potential.


Message History

Okay, then.
Really quaff the potion of mutation?
You feel extremely strange.
Your thoughts seem clearer.
You feel robust.
You feel a hidden potential growing inside you.
Your ufetubus hits the boulder beetle.
Your ufetubus hits the boulder beetle but does no damage. x3
The boulder beetle bites your ufetubus!
Your ufetubus dies!
Your ufetubus disappears in a puff of smoke!
You hit the boulder beetle.
You feel better.
The boulder beetle is lightly wounded.
The boulder beetle bites you.
* * * LOW HITPOINT WARNING * * *
A demonic guardian appears!
What are your orders? t - Creak!
Orders for allies: a - Attack new target. r - Retreat! s - Stop attacking. g - Guard the area. f - Follow me.
Anything else - Cancel.
Gang up on whom?
Press: ? - help, Dir - move target, f - boulder beetle
Aim: a boulder beetle (lightly wounded, ally target) Attack!
The boulder beetle bites you but does no damage.
You hit the boulder beetle but do no damage.
You punch the boulder beetle.
The boulder beetle is lightly wounded.
The boulder beetle bites you but does no damage.
You completely miss the boulder beetle.
The boulder beetle is lightly wounded.
The boulder beetle bites you but does no damage.
You hit the boulder beetle but do no damage.
The boulder beetle is lightly wounded.
The boulder beetle bites you but does no damage.
You hit the boulder beetle but do no damage.
The boulder beetle is lightly wounded.
The boulder beetle bites you!
You die...

#.#.######.##.#...#[#..##.....
#.#.######..#.#.###[#..##.†...
#.#...........#....[)...'.....
##
#.#########.#.#######)###.....
8#
#.......................#.....
#
############..#..##.....######
# #..# #.......##.....# # #..#
#.##B#.###.....# )# #..#
#.##♣#.# #.....# ## #..#
#.##5#.# #.(...# #..#..#
#....#.###.....# #.##..#
#..###.#.....### .. #..# #..#
#.#.....# ## #..#
#..###.#.....# . #..#
#......#.....#
#..#######............#
#...........#####.....#


You could see a boulder beetle (ally target) and a friendly iron imp (summoned).

Vanquished Creatures
  2 gargoyles (D:7)
  Grinder (D:6)
  Prince Ribbit (D:6)
  A steam dragon (D:7)
  2 water moccasins
  2 black bears
  3 ice beasts (D:6)
  A hornet zombie (D:6)
  3 ogres
  A phantom (D:4)
  Blork the orc (D:6)
  A bullfrog (D:6)
  2 scorpions
  A water moccasin skeleton (D:6)
  4 killer bees (D:7)
  7 wights
  A howler monkey (D:5)
  A centaur zombie (D:6)
  2 centaur skeletons (D:7)
  A bullfrog skeleton (D:6)
  A gnoll shaman (D:7)
  3 hounds (D:4)
  4 iguanas
  An orc wizard (D:4)
  4 gnolls
  6 adders
  An adder skeleton (D:4)
  2 dart slugs
  6 orcs
  8 endoplasms
  A giant cockroach (D:1)
  10 goblins
  5 hobgoblins
  4 jackals (D:2)
  5 quokkas
  5 ball pythons
  7 bats
  6 frilled lizards
  8 kobolds
  2 rats
127 creatures vanquished.

Vanquished Creatures (collateral kills)
  2 killer bees (D:7)
  A wight (D:7)
  A gnoll (D:7)
  A worm (D:4)
  An endoplasm (D:4)
  A giant cockroach (D:4)
7 creatures vanquished.

Vanquished Creatures (others)
  179 foxfires
179 creatures vanquished.

Grand Total: 313 creatures vanquished

Notes
Turn   | Place    | Note
-------+----------+-------------------------------------------
     0 | D:1      | DemonSlayer the Demonspawn Fire Elementalist began the
                  | quest for the Orb.
     0 | D:1      | Reached XP level 1. HP: 13/13 MP: 3/3
   345 | D:1      | Gained mutation: A weak demonic guardian rushes to your
                  | aid. [demonic ancestry]
   345 | D:1      | Reached XP level 2. HP: 17/19 MP: 0/5
   515 | D:1      | Found Tufig's Armour Emporium.
  1187 | D:1      | Learned a level 2 spell: Scorch
  1240 | D:2      | Gained mutation: When seriously injured, your blood forms
                  | armour. (AC +0) [demonic ancestry]
  1240 | D:2      | Reached XP level 3. HP: 24/24 MP: 1/6
  1500 | D:2      | Identified the +0 leather armour of Bagu {Dex+3 Stlth+}
  1560 | D:2      | Found a faded altar of an unknown god.
  1983 | D:2      | Learned a level 3 spell: Conjure Flame
  2018 | D:3      | Gained mutation: You have a pair of small horns on your
                  | head. [demonic ancestry]
  2018 | D:3      | Reached XP level 4. HP: 31/31 MP: 2/7
  2176 | D:3      | Found a broken altar of Ashenzari.
  2192 | D:3      | Found a hazy altar of Hepliaklqana.
  3080 | D:4      | Noticed a phantom
  3091 | D:4      | Reached skill level 3 in Spellcasting
  3093 | D:4      | Killed a phantom
  3094 | D:4      | Reached XP level 5. HP: 35/36 MP: 1/10
  3411 | D:4      | Found a sacrificial altar of Ru.
  3586 | D:4      | Found a staircase to the Ecumenical Temple.
  3607 | Temple   | Entered the Ecumenical Temple
  3671 | Temple   | Became a worshipper of Cheibriados the Contemplative
  3739 | D:4      | Reached skill level 1 in Armour
  3739 | D:4      | Reached XP level 6. HP: 42/42 MP: 4/11
  4132 | D:4      | Reached skill level 4 in Spellcasting
  4232 | D:4      | Reached skill level 1 in Short Blades
  4453 | D:4      | Learned a level 4 spell: Flame Wave
  4457 | D:4      | Learned a level 3 spell: Portal Projectile
  4483 | D:5      | Entered Level 5 of the Dungeon
  4793 | D:5      | Noticed a water moccasin
  4799 | D:5      | Killed a water moccasin
  4800 | D:5      | Reached skill level 1 in Fighting
  4800 | D:5      | Gained mutation: You have a pair of horns on your head.
                  | [demonic ancestry]
  4800 | D:5      | Reached XP level 7. HP: 34/48 MP: 4/13
  5147 | D:5      | Found an iron altar of Okawaru.
  5147 | D:5      | Found a bloodstained altar of Trog.
  5618 | D:6      | Reached skill level 5 in Fire Magic
  5642 | D:6      | Reached * piety under Cheibriados
  5710 | D:6      | Reached skill level 5 in Spellcasting
  5840 | D:6      | Noticed Blork the orc
  5848 | D:6      | Gained mutation: You sometimes gain a little power by
                  | taking damage. [demonic ancestry]
  5848 | D:6      | Reached XP level 8. HP: 40/54 MP: 2/16
  6382 | D:6      | Reached skill level 6 in Spellcasting
  6487 | D:6      | Killed Blork the orc
  6691 | D:6      | Noticed Grinder
  6708 | D:6      | Killed Grinder
  6709 | D:6      | Reached skill level 7 in Spellcasting
  6932 | D:6      | Noticed Prince Ribbit
  6939 | D:6      | Gained mutation: When seriously injured, your blood forms
                  | thick armour. (AC +0) [demonic ancestry]
  6939 | D:6      | Reached XP level 9. HP: 59/59 MP: 13/20
  6944 | D:6      | Killed Prince Ribbit
  7383 | D:7      | Reached skill level 8 in Spellcasting
  7399 | D:7      | Reached ** piety under Cheibriados
  7571 | D:7      | Found Cecidokopn's Overcharged Wands.
  7688 | D:7      | Noticed a boulder beetle
  7815 | D:7      | Noticed a gargoyle
  7830 | D:7      | Killed a gargoyle
  7972 | D:7      | Noticed a gargoyle
  7976 | D:7      | Killed a gargoyle
  8000 | D:7      | Noticed a gargoyle
  8516 | D:7      | Gained mutation: You possess an exceptional clarity of
                  | mind. [potion of mutation]
  8516 | D:7      | Gained mutation: You are robust. (+10% HP) [potion of
                  | mutation]
  8516 | D:7      | Gained mutation: You have hidden genetic potential. [potion
                  | of mutation]
  8517 | D:7      | HP: 5/100 [boulder beetle (3)]
  8522 | D:7      | Mangled by a boulder beetle

Illustrated notes

Levels and vault maps discovered:
D:1:      evilmike_arrival_crescent, layout_basic, serial_shops, shop,
          minmay_misc_feat_secret_circle, minmay_split_cup_small
D:2:      layout_rooms, hellmonk_ecumenical_altar_leap_of_faith
D:3:      layout_loops_ring, mainiacjoe_overflow_surrounded_room,
          general_overflow_altar
D:4:      layout_basic, nicolae_ru_sacrificial_ziggurat,
          minmay_temple_entry_sparse_star, serial_corexii_hall,
          chequers_hall_statues_corner_a, corexii_hall_statues_x,
          corexii_hall_statues_s
D:5:      layout_gridville, grunt_temple_overflow_bloody_war
D:6:      layout_rooms, uniq_grinder, uniq_blork_the_orc, uniq_prince_ribbit1
D:7:      cheibrodos_statue_roulette, layout_basic,
          nicolae_shop_overcharged_wands
Temple:   regret_index_temple_waves

Skill      XL: |  1  2  3  4  5  6  7  8  9 |
---------------+----------------------------+-----
Stealth        | 2 3 |  3.6
Fire Magic     | 3 4 5 6 7 |  7.8
Dodging        | 2 3 |  3.4
Conjurations   | 2 |  2.2
Spellcasting   | 3 4 5 7 8 |  8.7
Armour         | 1 2 |  2.6
Short Blades   | 1 2 |  2.7
Fighting       | 1 |  1.9
Throwing       | |  0.3
Evocations     | |  0.4

Action                   |  1- 3 |  4- 6 |  7- 9 || total
-------------------------+-------+-------+-------++-------
Melee: Dagger            |    48 |    13 |       ||    61
       Unarmed           |     3 |       |       ||     3
       Punch             |     1 |       |     3 ||     4
       Headbutt          |       |     8 |    14 ||    22
       Short sword       |       |    34 |    60 ||    94
Throw: Throwing net      |       |       |     2 ||     2
 Cast: Foxfire           |    92 |     4 |    14 ||   110
       Scorch            |       |    47 |   101 ||   148
Evoke: Wand              |       |       |     5 ||     5
  Use: Scroll            |     4 |     1 |    10 ||    15
       Potion            |       |     1 |    10 ||    11
 Stab: Sleeping          |     4 |     3 |     3 ||    10
       Invisible         |       |       |     1 ||     1
       Distracted        |       |       |     1 ||     1
       Held in net/web   |       |       |     1 ||     1
Armor: Robe              |     7 |       |       ||     7
       Leather armour    |     3 |    26 |    53 ||    82
       Skin              |       |       |     5 ||     5
Dodge: Dodged            |    43 |    41 |    88 ||   172
